 Dungeon Crawl Stone Soup version 0.27.1-35-g4d5d836560 (webtiles) character file.

Game seed: 9475016004071650123

1095762 Wyvernaa the Conqueror (level 27, -3/249 HPs)
             Began as a Formicid Fighter on Aug 8, 2021.
             Was the Champion of Zin.
             Slain by a Tzitzimitl (14 damage)
             ... summoned by Ereshkigal
             ... on level 7 of Tartarus on Mar 4, 2022.
             The game lasted 08:22:36 (158341 turns).

Wyvernaa the Conqueror (Formicid Fighter)         Turns: 158341, Time: 08:22:37

Health: -3/249     AC: 47    Str: 44    XL:     27
Magic:  40/40      EV: 37    Int: 25    God:    Zin [******]
Gold:   6099       SH: 37    Dex: 33    Spells: 46/46 levels left

rFire    + + +     SeeInvis +   P - +9 lajatang (elec)
rCold    + + .     Faith    .   I - +6 tower shield "Nuomubby" {rN+ Will+ Str+4 Int+4}
rNeg     + + +     Spirit   .   U - +9 scales of the Dragon King {rPois rF+ rC+ Will+}
rPois    ∞         Reflect  +   (helmet unavailable)
rElec    +         Harm     .   b - scarf {rC+ rF+}
rCorr    .         Rampage  .   Y - +2 pair of gloves {Dex+3}
Will     +++++     Clarity  +   F - +2 pair of boots {Fly}
Stlth    ++++......             f - amulet "Ajiph" {Reflect rN++ Will+ SH+5}
HPRegen  0.51/turn              d - ring of the Octopus King {rF+ AC+1 EV+1 Str+1 Int+1 Dex+1}
MPRegen  0.27/turn              O - ring of Syndicalism {rElec rN+ Str+3 Dex+6}

@: mighty, vitalised, on recite cooldown, flying, studying 2 skills, silenced
A: permanent stasis, dig shafts and tunnels, antennae 3, four strong arms,
iridescent scales 1, clarity, subdued magic 2
}: 7/15 runes: decaying, serpentine, slimy, silver, obsidian, icy, abyssal
a: Dig, Shaft Self, Renounce Religion


You were on level 7 of Tartarus.
You worshipped Zin.
Zin was exalted by your worship.
You visited 15 branches of the dungeon, and saw 78 of its levels.
You visited the Abyss 3 times.
You visited 1 bazaar.
You also visited: Trove, Gauntlet, Ice Cave and Desolation.

You collected 14299 gold pieces.
You spent 7850 gold pieces at shops.
You donated 350 gold pieces to Zin.

Inventory:

Hand Weapons
 P - a +9 lajatang of electrocution (weapon)
Armour
 b - a scarf of resistance (worn)
 t - the +13 crystal plate armour "Earthly Heaven" {rC+}
   (You acquired it on level 2 of the Realm of Zot)

   rC:        It protects you from cold.
 F - a +2 pair of boots of flying (worn)
 I - the +6 tower shield "Nuomubby" (worn) {rN+ Will+ Str+4 Int+4}
   (You found it in the Desolation of Salt)

   Str:       It affects your strength (+4).
   Int:       It affects your intelligence (+4).
   rN:        It protects you from negative energy.
   Will:      It increases your willpower.
 U - the +9 scales of the Dragon King (worn) {rPois rF+ rC+ Will+}
   (You found it on level 7 of Tartarus)

   rF:        It protects you from fire.
   rC:        It protects you from cold.
   rPois:     It protects you from poison.
   Will:      It increases your willpower.
 Y - a +2 pair of gloves of dexterity (worn)
Jewellery
 d - a ring of the Octopus King (left hand) {rF+ AC+1 EV+1 Str+1 Int+1 Dex+1}
   (You found it on level 3 of the Vaults)

   [ring of protection from fire]

   AC:        It affects your AC (+1).
   EV:        It affects your evasion (+1).
   Str:       It affects your strength (+1).
   Int:       It affects your intelligence (+1).
   Dex:       It affects your dexterity (+1).
   rF:        It protects you from fire.
 f - the amulet "Ajiph" (around neck) {Reflect rN++ Will+ SH+5}
   (You acquired it on level 9 of the Dungeon)

   [amulet of reflection]

   It reflects blocked missile attacks.
   rN:        It greatly protects you from negative energy.
   SH:        It affects your SH (+5).
   Will:      It increases your willpower.
 q - a ring of protection from cold
 r - the amulet of Vitality {Regen+ HP+15}
   (You found it in a treasure trove)

   [amulet of regeneration]

   HP:        It affects your health (+15).
   Regen:     It increases your rate of health regeneration.
 z - the necklace of Bloodlust {*Rage +Rage Will++ Int-3 Slay+6}
   (You found it in the Desolation of Salt)

   [amulet of nothing]

   It extends the wearer's berserk rage when killing foes.
   Int:       It affects your intelligence (-3).
   Slay:      It affects your accuracy & damage with ranged weapons and melee
   (+6).
   +Rage:     It lets you go berserk.
   *Rage:     It may make you go berserk in combat.
   Will:      It greatly increases your willpower.
 K - the amulet of Fitao {Reflect Drain rCorr Int+9 Dex+4 SH+5}
   (You found it in a treasure trove)

   [amulet of reflection]

   It reflects blocked missile attacks.
   Int:       It affects your intelligence (+9).
   Dex:       It affects your dexterity (+4).
   rCorr:     It protects you from acid and corrosion.
   Drain:     It drains your maximum health when unequipped.
   SH:        It affects your SH (+5).
 O - the ring of Syndicalism (right hand) {rElec rN+ Str+3 Dex+6}
   (You found it on level 2 of the Depths)

   [ring of dexterity]

   Str:       It affects your strength (+3).
   Dex:       It affects your dexterity (+6).
   rElec:     It insulates you from electricity.
   rN:        It protects you from negative energy.
 Q - the ring "Fulour" {rPois rF+ Will+ Dex+4 Stlth+}
   (You bought it in a shop on level 4 of the Dungeon)

   [ring of protection from fire]

   Dex:       It affects your dexterity (+4).
   rF:        It protects you from fire.
   rPois:     It protects you from poison.
   Will:      It increases your willpower.
   Stlth:     It makes you more stealthy.
 R - the ring "Ipask" {rC+ Will++ Int+4}
   (You found it on level 7 of Tartarus)

   [ring of protection from cold]

   Int:       It affects your intelligence (+4).
   rC:        It protects you from cold.
   Will:      It greatly increases your willpower.
 S - the ring of the Quahog {rPois rF+ Str+2 Int+6 SInv}
   (You found it on level 7 of Cocytus)

   [ring of protection from fire]

   Str:       It affects your strength (+2).
   Int:       It affects your intelligence (+6).
   rF:        It protects you from fire.
   rPois:     It protects you from poison.
   SInv:      It lets you see invisible.
Wands
 a - a wand of iceblast (57)
 i - a wand of charming (26)
 s - a wand of mindburst (84)
 v - a wand of flame (123)
 y - a wand of paralysis (36)
 C - a wand of digging (17)
 L - a wand of acid (34)
Scrolls
 c - 5 scrolls of fear
 h - 7 scrolls of silence
 k - 7 scrolls of fog
 l - 7 scrolls of magic mapping
 m - 3 scrolls of enchant armour
 n - a scroll of amnesia
 x - 2 scrolls of brand weapon
 A - a scroll of summoning
 B - 2 scrolls of enchant weapon
 E - 8 scrolls of holy word
 M - 4 scrolls of identify
Potions
 e - 10 potions of lignification
 g - 11 potions of brilliance
 j - 5 potions of ambrosia
 p - 5 potions of cancellation
 w - 3 potions of resistance
 D - 3 potions of magic
 G - 8 potions of mutation
 H - a potion of invisibility
 N - 4 potions of curing
 T - a potion of might


   Skills:
 O Level 27 Fighting
 - Level 1.6(2.0) Short Blades
 - Level 1.5(2.0) Long Blades
 - Level 1.6(12.9) Axes
 - Level 11.7(13.1) Maces & Flails
 - Level 15.9(16.9) Polearms
 - Level 9.8(15.4) Staves
 - Level 1.6(1.8) Slings
 - Level 1.2 Bows
 - Level 1.6 Crossbows
 - Level 0.8(1.3) Throwing
 O Level 27 Armour
 * Level 26.0 Dodging
 O Level 27 Stealth
 - Level 15.0 Shields
 - Level 10.2 Spellcasting
 - Level 1.0 Conjurations
 - Level 1.4 Hexes
 - Level 13.5 Summonings
 - Level 1.2 Necromancy
 - Level 1.1 Translocations
 - Level 1.3 Transmutations
 - Level 1.2 Fire Magic
 - Level 1.1 Ice Magic
 - Level 1.0 Air Magic
 - Level 1.3 Earth Magic
 - Level 1.5 Poison Magic
 O Level 27 Invocations
 * Level 26.0 Evocations


You had 46 spell levels left.
You didn't know any spells.
Your spell library contained the following spells:

 Spells                   Type           Power      Damage    Failure   Level
 Summon Small Mammal      Summ           100%       N/A       0%          1
 Call Imp                 Summ           50%        N/A       1%          2
 Call Canine Familiar     Summ           50%        N/A       1%          3
 Summon Guardian Golem    Hex/Summ       31%        N/A       1%          3
 Animate Armour           Summ/Erth      62%        N/A       4%          4
 Summon Ice Beast         Ice/Summ       30%        N/A       4%          4
 Summon Lightning Spire   Summ/Air       30%        N/A       4%          4
 Sandblast                Erth           24%        2d8       5%          1
 Apportation              Tloc           22%        N/A       6%          1
 Foxfire                  Conj/Fire      44%        2x1d6     6%          1
 Freeze                   Ice            44%        1d6       6%          1
 Magic Dart               Conj           44%        1d5       6%          1
 Shadow Creatures         Summ           N/A        N/A       6%          6
 Slow                     Hex            12%        N/A       9%          2
 Ensorcelled Hibernation  Hex/Ice        24%        N/A       10%         2
 Passwall                 Tmut/Erth      10%        N/A       10%         2
 Poisonous Vapours        Pois/Air       22%        N/A       10%         2
 Sublimation of Blood     Necr           5%         N/A       10%         2
 Wereblood                Tmut           12%        N/A       10%         2
 Corpse Rot               Necr/Air       N/A        N/A       11%         2
 Static Discharge         Conj/Air       11%        N/A       11%         2
 Summon Mana Viper        Hex/Summ       31%        N/A       14%         5
 Summon Forest            Summ/Tloc      15%        N/A       16%         5
 Confusing Touch          Hex            12%        N/A       19%         3
 Ignite Poison            Fire/Tmut/Pois 12%        N/A       19%         3
 Inner Flame              Hex/Fire       12%        N/A       19%         3
 Tukima's Dance           Hex            12%        N/A       19%         3
 Conjure Flame            Conj/Fire      11%        6-21      21%         3
 Dazzling Flash           Conj/Hex       22%        N/A       21%         3
 Gell's Gravitas          Tloc           5%         N/A       21%         3
 Lesser Beckoning         Tloc           5%         N/A       21%         3
 Mephitic Cloud           Conj/Pois/Air  11%        N/A       21%         3
 Stone Arrow              Conj/Erth      22%        3d8       21%         3
 Teleport Other           Tloc           11%        N/A       21%         3
 Frozen Ramparts          Ice            22%        1d4       22%         3
 Ozocubu's Armour         Ice            11%        N/A       22%         3
 Summon Hydra             Summ           25%        N/A       36%         7
 Cause Fear               Hex            6%         N/A       54%         4
 Leda's Liquefaction      Hex/Erth       6%         N/A       56%         4
 Petrify                  Tmut/Erth      12%        N/A       56%         4
 Dispel Undead            Necr           11%        3d9       58%         4
 Fulminant Prism          Conj/Hex       5%         3d7       58%         4
 Ice Form                 Ice/Tmut       11%        N/A       58%         4
 Passage of Golubria      Tloc           N/A        N/A       58%         4
 Sticky Flame             Conj/Fire      11%        2d3       58%         4
 Hailstorm                Conj/Ice       11%        3d5       61%         4
 Iskenderun's Mystic Bla  Conj/Tloc      11%        2d4       61%         4
 Airstrike                Air            5%         N/A       63%         4
 Alistair's Intoxication  Tmut/Pois      8%         N/A       90%         5
 Blade Hands              Tmut           6%         N/A       90%         5
 Lee's Rapid Deconstruct  Erth           6%         3d7*      90%         5
 Metabolic Englaciation   Hex/Ice        6%         N/A       90%         5
 Yara's Violent Unravell  Hex/Tmut       6%         3d5       90%         5
 Agony                    Necr           11%        N/A       91%         5
 Bolt of Magma            Conj/Fire/Erth 5%         4d5       91%         5
 Borgnjor's Vile Clutch   Necr/Erth      5%         N/A       91%         5
 Silence                  Hex/Air        5%         N/A       91%         5
 Fireball                 Conj/Fire      5%         3d5       92%         5
 Freezing Cloud           Conj/Ice/Air   5%         6-21      92%         5
 Irradiate                Conj/Tmut      5%         3d15      92%         5
 Iskenderun's Battlesphe  Conj           11%        2d7       92%         5
 Manifold Assault         Tloc           11%        N/A       92%         5
 Lightning Bolt           Conj/Air       5%         1d17      93%         5
 Spellforged Servitor     Conj/Summ      15%        N/A       99%         7
 Conjure Ball Lightning   Conj/Air       5%         3x3d6     100%        6
 Death Channel            Necr           5%         N/A       100%        6
 Dispersal                Tloc           5%         N/A       100%        6
 Eringya's Noxious Bog    Tmut/Pois      6%         N/A       100%        6
 Invisibility             Hex            6%         N/A       100%        6
 Iron Shot                Conj/Erth      5%         9d2       100%        6
 Simulacrum               Ice/Necr       5%         N/A       100%        6
 Starburst                Conj/Fire      5%         6d4       100%        6
 Statue Form              Tmut/Erth      8%         N/A       100%        6
 Dragon Form              Tmut           6%         N/A       100%        7
 Orb of Destruction       Conj           5%         9d2       100%        7
 Storm Form               Tmut/Air       5%         N/A       100%        7
 Lehudib's Crystal Spear  Conj/Erth      5%         10d3      100%        8
 Maxwell's Capacitive Co  Air            5%         ∞         100%        8
 Dragon's Call            Summ           25%        N/A       100%        9
 Polar Vortex             Ice            5%         N/A       100%        9
 Shatter                  Erth           6%         3d9*      100%        9
 Blink                    Tloc           Unusable   N/A       N/A         2

Dungeon Overview and Level Annotations

Branches:
Dungeon (15/15)            Temple (0/1) D:4            Lair (6/6) D:9
  Swamp (4/4) Lair:3        Snake (4/4) Lair:4        Slime (5/5) Lair:6
    Orc (2/2) D:9             Elf (3/3) Orc:2        Vaults (5/5) D:14
  Crypt (3/3) Vaults:3       Tomb (0/3) Crypt:3      Depths (5/5) D:15
   Hell (visited)             Dis (0/7) Hell            Geh (7/7) Hell
    Coc (7/7) Hell            Tar (7/7) Hell            Zot (4/5) Depths:5
  IceCv (visited)         Desolation (visited)      Gauntlet (visited)

Altars:
Cheibriados
Dithmenos
Elyvilon
Fedhas
Gozag
Hepliaklqana
Kikubaaqudgha
Makhleb
Nemelex Xobeh
Qazlal
Ru
Sif Muna
Vehumet
Wu Jian
Xom
Yredelemnul
Zin
The Shining One
Beogh

Shops:
D:4 **   D:7 !   D:8 [   D:11 *   Orc:2 [!=[   Elf:2 =   Elf:3 =   Snake:3 *
Vaults:4 (   Depths:1 (   Depths:2 =:=   Depths:5 *

Portals:
Hell: Depths:1 Depths:2 Depths:3 Depths:5
Abyss: Depths:1 Depths:2 Depths:3 Depths:5
Pandemonium: Depths:1 Depths:3
Ziggurat: Depths:2

Annotations:
Snake:2 3 runed translucent doors
Crypt:3 2 transporters, Waammiq's ghost, veteran GrEE
Depths:2 3 runed translucent doors, Aclocv Kojo's ghost, veteran BaIE
Tar:7 Ereshkigal


Innate Abilities, Weirdness & Mutations

You cannot be hasted, slowed, berserked, paralysed or teleported.
You can dig through walls and to a lower floor.
You have a pair of large antennae on your head. (SInv)
Your four strong arms can wield two-handed weapons with a shield.
You are partially covered in iridescent scales. (AC +2)
You possess an exceptional clarity of mind.
Your spells are easier to cast, but less powerful.


Message History

Your body is wracked with pain!
* * * LOW HITPOINT WARNING * * *
You block Ereshkigal's attack.
Okay, then.
Okay, then.
You open Ereshkigal like a pillowcase!!!
Ereshkigal is almost dead.
You block Ereshkigal's attack.
The Tzitzimitl calls on the powers of darkness!
Your body is wracked with pain!
* * * LOW HITPOINT WARNING * * *
You miss Ereshkigal.
Ereshkigal is almost dead.
Ereshkigal gestures at you. The bolt of cold misses you.
The bolt of cold hits the Tzitzimitl.
The Tzitzimitl completely resists.
The Tzitzimitl calls on the powers of darkness!
Your body is wracked with pain!
* * * LOW HITPOINT WARNING * * *
You block the Tzitzimitl's attack. x2
Okay, then.
You hit Ereshkigal.
Ereshkigal is almost dead.
You block Ereshkigal's attack.
You completely miss Ereshkigal.
Ereshkigal is almost dead.
Ereshkigal gestures.
Ereshkigal is healed.
The Tzitzimitl calls on the powers of darkness!
Your body is wracked with pain!
* * * LOW HITPOINT WARNING * * *
Okay, then.
Really quaff the potion of lignification?
This action would place you under penance!
Okay, then.
Okay, then.
You miss Ereshkigal.
Ereshkigal is heavily wounded.
Ereshkigal gestures.
You block the Tzitzimitl's attack. The Tzitzimitl bites you!
You die...

.#...........#.....#........[)###
.#############.#####.........#.##
.# { #.....#.........##.# ## ###
{#########.#.........###. '..
{{#.....#...#........## #. #.#
#.###.#.###........# ##. #.#
#...#...#[#........###.# #.###
###.#####)#.......###.## #1..#
#...1@&1#.......##.###
###.###########)#......##..|.)
#...#.1.&.#.&...#......##.[.[. {
#.###)###.#.#####.....###.[...
#..).)..#.......#.....######.#
#################.....##=.[.#.
####################.....##[.|=#.
........................###=|))#.
.......................## #..[)#.


You could see Ereshkigal (silencing, corona) and 2 Tzitzimimeh.

Vanquished Creatures
  Antaeus (Coc:7)
  Asmodeus (Geh:7)
  Dissolution (Slime:3)
  2 orbs of fire (Zot:2)
  An ancient lich (Abyss:1)
  Mara (Crypt:2)
  2 juggernauts (Depths:2)
  Boris (Crypt:3)
  The ghost of SlowGraham the Earth Mage, a veteran FoEE of Vehumet (Elf:2)
  A Killer Klown (Zot:3)
  23 shard shrikes
  Bai Suzhen (Vaults:4)
  Geryon (Hell)
  Saint Roka (Orc:2)
  A curse toe (Zot:2)
  2 profane servitors
  34 bone dragons
  7 golden dragons
  32 Brimstone Fiends
  13 doom hounds
  64 Tzitzimimeh
  A hellephant (Abyss:2)
  3 electric golems
  Rupert (Snake:1)
  Jorgrun (Elf:2)
  15 tentacled monstrosities
  14 Ice Fiends
  4 deep elf blademasters
  A deep elf master archer (Elf:3)
  11 liches
  12 quicksilver dragons
  14 titans
  8 sphinxes
  An eldritch tentacle (Geh:4)
  5 ancient champions
  2 Executioners (Abyss:1)
  18 acid blobs
  Frances (Swamp:1)
  18 tentacled starspawn
  6 death cobs
  Gastronok (D:8)
  3 thorn hunters
  3 draconian monks
  23 shadow dragons
  8 tengu reavers
  11 storm dragons
  5 revenants
  3 fenstrider witches (Swamp:4)
  16 azure jellies
  The ghost of mhtbhm the Warrior, a journeyman DrBe of Trog (Snake:1)
  6 rockslimes
  14 nagarajas (Snake:4)
  Roxanne (Snake:3)
  16 fire giants
  A daeva (Abyss:1)
  4 iron dragons
  3 draconian scorchers
  17 vault wardens
  4 orc warlords
  14 balrugs
  5 draconian knights
  4 ghost moths
  2 ghost moths (shapeshifter)
  Louise (Depths:2)
  Aizul (Swamp:4)
  13 frost giants
  11 deep elf elementalists
  4 draconian annihilators
  20 ironbound preservers
  3 draconian stormcallers
  6 ghouls
  2 spriggan defenders
  8 deep elf sorcerers
  3 draconian shifters
  4 war gargoyles
  2 curse skulls
  40 very ugly things
  83 reapers
  A quicksilver ooze (shapeshifter) (D:13)
  A juggernaut skeleton (Crypt:1)
  A caustic shrike skeleton (Crypt:2)
  6 quicksilver oozes
  15 stone giants
  Azrael (Elf:2)
  7 elemental wellsprings
  4 green draconians
  A bunyip (Swamp:4)
  17 vampire knights
  5 deep elf demonologists
  2 halazid warlocks (Desolation)
  11 deep elf annihilators
  8 white draconians
  6 black draconians
  6 yellow draconians
  6 red draconians
  3 spark wasps (Depths:3)
  A lorocyproca (Abyss:3)
  A dire elephant (Abyss:3)
  22 purple draconians
  An entropy weaver (Vaults:2)
  A spectral titan (Crypt:3)
  10 fire dragons
  14 eidola
  11 deep elf death magi
  2 crystal guardians (Desolation)
  A mummy priest (Crypt:2)
  12 ettins
  A merfolk javelineer (Depths:2)
  6 eleionomae
  16 blizzard demons
  2 pearl dragon zombies (Depths:5)
  9 deep elf high priests
  2 merfolk impalers
  Josephine (D:11)
  19 jiangshi
  4 shambling mangroves
  2 spectral quicksilver dragons (Crypt:3)
  8 quicksilver dragon zombies
  5 ragged hierophants (Desolation)
  14 great orbs of eyes
  17 yaktaur captains
  28 vault guards
  3 kraken zombies
  10 hydras
  4 servants of whispers (Desolation)
  A spectral shadow dragon (Crypt:3)
  5 ironbound thunderhulks
  3 salamander tyrants (Snake:4)
  29 ice dragons
  6 anacondas
  4 quicksilver dragon skeletons
  9 rakshasas
  Erolcha (D:13)
  3 ghost crabs
  A monstrous demonspawn (Depths:3)
  7 spriggan air magi
  5 peacekeepers
  A spectral fire giant (Crypt:3)
  A hell beast (Depths:1)
  17 naga warriors
  7 ogre magi
  4 boulder beetles
  3 catoblepae
  An anaconda (shapeshifter) (Depths:3)
  4 death knights
  46 hell hogs
  10 alligators
  16 centaur warriors
  9 ironbound frosthearts
  A satyr (Abyss:3)
  32 dancing weapons
  2 death scarabs (Gauntlet)
  4 deep troll shamans
  5 death yaks (Lair:6)
  15 two-headed ogres
  A spectral frost giant (Crypt:3)
  18 vampire magi
  3 shock serpents
  5 deep troll earth magi
  3 orc high priests
  10 spriggan berserkers
  5 ironbound beastmasters
  7 tengu warriors
  21 thrashing horrors
  67 hell knights
  16 titan zombies
  32 large abominations
  An iron golem (Geh:5)
  10 storm dragon zombies
  Sonja (D:13)
  55 soul eaters
  16 naga sharpshooters
  13 deep elf knights
  A spectral catoblepas (Gauntlet)
  20 sun demons
  174 skeletal warriors
  A sixfirhy (Swamp:4)
  9 wretched stars
  5 death drakes
  A fire crab (Geh:2)
  59 deep trolls
  13 titan skeletons
  32 shadow wraiths
  5 golden dragon zombies
  4 spatial maelstroms
  A torturous demonspawn (Depths:3)
  A death drake (shapeshifter) (Depths:2)
  2 salamander mystics (Snake:4)
  2 iron trolls
  8 storm dragon skeletons
  24 flayed ghosts
  A kraken simulacrum (Coc:2)
  3 goliath frogs
  8 glowing orange brains
  4 ghost moth zombies
  23 anaconda zombies
  8 bog bodies
  30 shadow demons
  38 starcursed masses
  6 spriggan druids
  6 lindwurms
  3 swamp dragons
  5 naga ritualists
  A gelid demonspawn (Depths:3)
  11 ironbound convokers
  10 golden dragon skeletons
  7 shadow dragon zombies
  2 spectral hydras (Crypt:3)
  15 deep elf archers
  44 phantasmal warriors
  10 wizards
  An obsidian statue (IceCv)
  4 harpies
  A harpy (shapeshifter) (Depths:2)
  6 stone giant zombies
  10 shadow dragon skeletons
  32 deep elf pyromancers
  2 orb spiders (Abyss:3)
  2 wolf spiders
  9 wolf spider zombies
  21 deep elf zephyrmancers
  19 anaconda skeletons
  26 necromancers
  11 orc knights
  59 ugly things
  3 will-o-the-wisps
  An oklob plant (Swamp:2)
  7 iron dragon zombies
  6 manticores
  12 mana vipers
  9 worldbinders
  A faun (shapeshifter) (Vaults:4)
  7 cyclopes
  15 salamanders
  7 shining eyes
  3 orc sorcerers
  11 frost giant zombies
  6 elephants (Lair:5)
  Maurice (Orc:2)
  8 fire giant skeletons
  8 iron dragon skeletons
  13 moths of wrath
  A spectral ice dragon (Crypt:3)
  16 vault sentinels
  13 fire giant zombies
  An ice statue (Coc:7)
  An apocalypse crab (Abyss:4)
  4 apis skeletons (Depths:5)
  2 water nymphs (Abyss:3)
  7 frost giant skeletons
  4 rust devils
  A shock serpent zombie (Tar:2)
  10 dire elephant zombies
  11 guardian serpents
  25 black mambas
  31 smoke demons
  17 molten gargoyles
  2 torpor snails
  17 naga magi
  9 stone giant skeletons
  2 gargoyles
  Maggie (Lair:2)
  14 cane toads
  A minotaur zombie (Tar:5)
  6 unseen horrors
  5 eyes of devastation
  6 orange demons
  An emperor scorpion zombie (Tar:7)
  2 storm dragon simulacra
  2 catoblepas zombies
  6 dire elephant skeletons
  31 hellions
  4 kobold demonologists
  11 efreet
  7 komodo dragons
  5 tengu conjurers
  5 rime drakes
  4 demonic crawlers
  29 yaktaurs
  11 hellwings
  39 tormentors
  4 anaconda simulacra
  79 freezing wraiths
  4 entropy weaver simulacra (IceCv)
  4 guardian mummies (Crypt:3)
  7 harpy zombies
  A minotaur skeleton (Coc:4)
  14 ancient zymes
  43 ice devils
  A sea snake skeleton (Hell)
  A yellow draconian skeleton (Coc:7)
  16 trolls
  28 hydra zombies
  A golden dragon simulacrum (IceCv)
  A jumping spider (shapeshifter) (D:15)
  A merfolk (Abyss:3)
  42 red devils
  8 silent spectres
  A meliai (Abyss:3)
  2 catoblepas skeletons
  8 harpy skeletons
  A wind drake (shapeshifter) (D:14)
  3 polar bears
  18 hornets
  A moth of wrath zombie (Crypt:3)
  8 blink frogs
  A tengu simulacrum (Vaults:1)
  3 tyrant leeches
  25 raiju
  12 alligator zombies
  9 fire dragon zombies
  Grinder (D:6)
  15 hydra skeletons
  A tyrant leech (shapeshifter) (D:14)
  38 saltlings (Desolation)
  6 dream sheep
  A dream sheep (shapeshifter) (Elf:2)
  A fire giant simulacrum (Crypt:3)
  109 slime creatures
  A boulder beetle zombie (Crypt:3)
  2 slime creatures (shapeshifter)
  2 stone giant simulacra
  9 ettin zombies
  9 ice dragon zombies
  4 black mamba zombies
  A meliai zombie (D:11)
  A frost giant simulacrum (Depths:3)
  A spriggan skeleton (Depths:3)
  A vampire (D:13)
  3 air elementals
  2 centaur simulacra
  202 flying skulls
  5 alligator skeletons
  10 ice dragon skeletons
  56 shadows
  2 redbacks
  A dire elephant simulacrum (Coc:4)
  6 ynoxinuls
  15 spriggans
  9 spriggan simulacra
  68 yaks
  2 black mamba skeletons
  54 wraiths
  8 ettin skeletons
  A yak (shapeshifter) (D:9)
  19 water elementals
  48 fire elementals
  A hog (D:8)
  6 basilisks
  3 steam dragons
  8 fire dragon skeletons
  11 fire bats
  8 wyverns
  A golden eye (shapeshifter) (Depths:3)
  A golden eye (Abyss:3)
  8 minotaur simulacra (IceCv)
  A sea snake simulacrum (Hell)
  8 chaos spawn
  5 neqoxecs
  5 vampire mosquitoes
  2 merfolk zombies
  2 spatial vortices
  A harpy simulacrum (IceCv)
  3 acid dragons
  35 nagas
  A spectral cane toad (Crypt:3)
  11 swamp worms
  7 wargs
  22 cane toad zombies
  A water nymph skeleton (Crypt:2)
  91 hell hounds
  8 water moccasins
  6 hydra simulacra
  3 floating eyes
  5 tengu zombies
  A merfolk skeleton (Coc:7)
  44 orc warriors
  A deep troll skeleton (Crypt:1)
  A sky beast (shapeshifter) (Depths:2)
  14 ice beasts
  3 swamp drakes (Swamp:2)
  11 black bears
  3 sky beasts
  4 alligator simulacra
  5 snapping turtle zombies
  An ice dragon simulacrum (Crypt:1)
  2 ettin simulacra (IceCv)
  13 cane toad skeletons
  54 necrophages
  2 manticore zombies
  A tengu (shapeshifter) (Vaults:2)
  24 wolves
  2 swamp dragon zombies
  29 ogres
  39 small abominations
  10 boggarts
  12 phantoms
  10 centaurs
  3 swamp dragon skeletons
  5 manticore skeletons
  10 snapping turtle skeletons
  7 kobold brigands
  A komodo dragon skeleton (Crypt:3)
  16 bullfrogs
  An earth elemental (Abyss:3)
  A wyvern zombie (D:7)
  9 deep troll simulacra (IceCv)
  2 elf zombies
  An elf skeleton (Coc:2)
  A gnoll sergeant (D:5)
  A salamander skeleton (Crypt:3)
  2 cane toad simulacra
  A glowing shapeshifter simulacrum (Vaults:1)
  3 spriggan zombies
  A spectral ogre (Crypt:3)
  A queen bee zombie (Crypt:1)
  3 lindwurm simulacra (IceCv)
  A snapping turtle simulacrum (Crypt:3)
  3 troll zombies
  119 wights
  2 water moccasin skeletons (D:6)
  A raiju skeleton (Crypt:1)
  2 howler monkeys
  A troll skeleton (Geh:3)
  A yak skeleton (Crypt:2)
  10 quasits
  2 crimson imps
  4 iron imps
  A bullfrog skeleton (D:7)
  2 centaur skeletons
  4 hounds
  Crazy Yiuf (D:2)
  2 human skeletons
  3 human zombies
  7 centaur zombies
  7 jellies
  20 orc priests
  A gnoll shaman (D:8)
  Natasha (thrice) (D:2)
  An iguana (D:7)
  17 hell rats
  25 orc wizards
  3 killer bee zombies (D:7)
  2 naga zombies
  A dwarf skeleton (Crypt:2)
  A naga skeleton (Tar:2)
  A felid skeleton (Crypt:2)
  A tengu skeleton (Geh:1)
  4 mummies
  2 ogre skeletons
  3 howler monkey skeletons
  17 gnolls
  8 adders
  30 shadow imps
  30 white imps
  4 ufetubi
  An iguana zombie (Crypt:2)
  A worm (shapeshifter) (D:14)
  2 worms
  2 dart slugs (D:1)
  102 orcs
  6 ball pythons
  5 bats
  A bat skeleton (Crypt:1)
  11 endoplasms
  3 giant cockroaches
  6 goblins
  8 hobgoblins
  6 jackals
  3 quokkas
  A river rat zombie (Crypt:1)
  2 frilled lizards
  A frilled lizard (shapeshifter) (Vaults:5)
  16 kobolds
  A kobold skeleton (Geh:5)
  An orc skeleton (Tar:2)
  An orc zombie (Geh:5)
  7 rats
  A rat zombie (Crypt:1)
  A spectral kobold (D:5)
  3 briar patches
  A lurking horror (Abyss:3)
  13 pillars of salt
  12 starspawn tentacles
  11 tentacles
5095 creatures vanquished.

Vanquished Creatures (collateral kills)
  the Royal Jelly (Slime:5)
  An acid blob (Slime:5)
  A sphinx (Vaults:1)
  A vault warden (Vaults:1)
  2 imperial myrmidons (Desolation)
  An orc warlord (Vaults:1)
  A dire elephant (Vaults:2)
  A bunyip (Swamp:4)
  A minotaur (Gauntlet)
  Snorg (D:12)
  A crystal guardian (Desolation)
  3 ragged hierophants (Desolation)
  4 peacekeepers (Desolation)
  5 servants of whispers (Desolation)
  An ironbound thunderhulk (Vaults:1)
  3 catoblepae
  A death yak (Lair:6)
  3 deep trolls (Vaults:2)
  A spriggan druid (Swamp:4)
  2 ironbound convokers
  6 ugly things
  2 wizards (Vaults:2)
  An orc knight (Vaults:1)
  A harpy (Vaults:2)
  2 vault sentinels
  2 yaktaurs (Vaults:1)
  3 slime creatures (Vaults:1)
  16 saltlings (Desolation)
  A redback (Vaults:2)
  4 yaks (Lair:6)
  A spectral cane toad (Gauntlet)
  A boggart (Vaults:2)
75 creatures vanquished.

Vanquished Creatures (others)
  A nagaraja (Snake:4)
  An elemental wellspring (Coc:6)
  5 hell hogs
  A dancing weapon (Elf:3)
  A deep elf knight (Elf:2)
  A wretched star (Abyss:1)
  2 deep elf pyromancers (Elf:3)
  A necromancer (Geh:7)
  A shadow (Geh:4)
  A wraith (Geh:2)
  A fire bat (Geh:2)
  2 swamp worms
  A large abomination (Abyss:3)
  An orc warrior (Vaults:5)
  A necrophage (Tar:4)
  A centaur (D:15)
  5 wights
  A shadow imp (Tar:2)
  An ufetubus (Abyss:3)
  An orc (Vaults:5)
  2 kobolds
  A briar patch (Swamp:4)
  A bush (Lair:6)
  3 butterflies
  8 foxfires
  47 fungi
  2 lurking horrors (Abyss:3)
  124 pillars of salt
  86 plants
  38 starspawn tentacles
  22 tentacles
364 creatures vanquished.

Grand Total: 5534 creatures vanquished

Notes
Turn   | Place    | Note
-------+----------+-------------------------------------------
     0 | D:1      | Wyvernaa the Formicid Fighter began the quest for the Orb.
     0 | D:1      | Reached XP level 1. HP: 18/18 MP: 1/1
   366 | D:1      | Reached XP level 2. HP: 16/24 MP: 2/2
   475 | D:1      | Found a faded altar of an unknown god.
  1166 | D:1      | Reached XP level 3. HP: 27/29 MP: 3/3
  1607 | D:2      | Noticed Natasha
  1620 | D:2      | Killed Natasha
  1621 | D:2      | Reached XP level 4. HP: 37/37 MP: 4/4
  1642 | D:2      | Noticed Natasha
  1659 | D:2      | Killed Natasha
  1855 | D:2      | Reached XP level 5. HP: 34/42 MP: 5/5
  2048 | D:2      | Noticed Natasha
  2060 | D:2      | Killed Natasha
  2214 | D:2      | Found a runed translucent door.
  2215 | D:2      | Noticed Crazy Yiuf
  2703 | D:3      | Reached XP level 6. HP: 33/48 MP: 6/6
  2886 | D:3      | Reached skill level 1 in Dodging
  3166 | D:3      | Found a glowing golden altar of the Shining One.
  3462 | D:3      | Became a worshipper of the Shining One
  3829 | D:3      | Found an ancient bone altar of Kikubaaqudgha.
  3944 | D:4      | Noticed an ogre
  4071 | D:4      | Found Dadwiew's Assorted Antiques.
  4072 | D:4      | Noticed a necrophage
  4095 | D:4      | Killed a necrophage
  4096 | D:4      | Reached skill level 5 in Shields
  4096 | D:4      | Reached XP level 7. HP: 36/54 MP: 7/7
  4257 | D:4      | Reached skill level 1 in Stealth
  4299 | D:4      | Found a staircase to the Ecumenical Temple.
  4314 | D:4      | Reached skill level 5 in Polearms
  4633 | D:4      | Found a shadowy altar of Dithmenos.
  4672 | D:4      | Found an opulent altar of Gozag.
  4674 | D:4      | Found Gozag's Platinum Reserve.
  5281 | D:5      | Entered Level 5 of the Dungeon
  5281 | D:5      | Noticed a water moccasin
  5286 | D:5      | Killed a water moccasin
  5287 | D:5      | Reached XP level 8. HP: 54/61 MP: 8/8
  5354 | D:5      | Found a transporter.
  5466 | D:5      | Reached * piety under the Shining One
  5500 | D:5      | Found a transporter.
  5803 | D:5      | Reached skill level 5 in Armour
  5867 | D:5      | Reached skill level 5 in Fighting
  7283 | D:5      | Found a hazy altar of Hepliaklqana.
  7480 | D:5      | Reached XP level 9. HP: 67/68 MP: 9/9
  7898 | D:6      | Identified the +7 tower shield of Entitlement {+Inv Fly rF-
                  | Slay+2}
  8380 | D:6      | Found an ornate altar of the Wu Jian Council.
  8532 | D:6      | Noticed Grinder
  8543 | D:6      | Killed Grinder
  8543 | D:6      | Reached ** piety under the Shining One
  8678 | D:7      | Found a blossoming altar of Fedhas.
  8940 | D:7      | Found Geulyt's Distillery.
  9031 | D:7      | Reached skill level 1 in Invocations
  9261 | D:7      | Reached XP level 10. HP: 63/77 MP: 9/11
  9885 | D:7      | Reached *** piety under the Shining One
  9892 | D:7      | Found a burning altar of Makhleb.
 10188 | D:7      | Found a glowing silver altar of Zin.
 10481 | D:8      | Found Misy's Antique Armour Boutique.
 10522 | D:8      | Found a huge runed translucent gate.
 10523 | D:8      | Found a huge runed translucent gate.
 10524 | D:8      | Found a huge runed translucent gate.
 10525 | D:8      | Found a huge runed translucent gate.
 10673 | D:8      | You are sucked into a shaft and drop 3 floors!
 10674 | D:11     | Noticed Josephine
 10674 | D:11     | Noticed a brown ugly thing
 10722 | D:11     | Gained mutation: You are dopey. (Int -2) [potion of
                  | mutation]
 10722 | D:11     | Gained mutation: You are partially covered in iridescent
                  | scales. (AC +2) [potion of mutation]
 10722 | D:11     | Gained mutation: You possess an exceptional clarity of
                  | mind. [potion of mutation]
 10726 | D:11     | Killed a brown ugly thing
 10744 | D:11     | Killed Josephine
 10745 | D:11     | Reached skill level 10 in Polearms
 10759 | D:11     | Reached XP level 11. HP: 75/83 MP: 13/13
 10819 | D:11     | Noticed a centaur warrior
 10822 | D:11     | Noticed a six-headed hydra
 10836 | D:11     | Reached **** piety under the Shining One
 10837 | D:10     | Entered Level 10 of the Dungeon
 10853 | D:10     | Reached skill level 10 in Shields
 11091 | D:10     | Found a basalt altar of Yredelemnul.
 11132 | D:9      | Identified a scroll of acquirement
 11133 | D:9      | Acquired the amulet "Ajiph" {Reflect rN++ Will+ SH+5}
 11650 | D:8      | Found a white marble altar of Elyvilon.
 11958 | D:8      | Noticed Gastronok
 11979 | D:8      | Killed Gastronok
 12634 | D:9      | Found a burning altar of Makhleb.
 12709 | D:9      | Reached skill level 5 in Invocations
 13407 | D:9      | Reached XP level 12. HP: 91/91 MP: 15/15
 13640 | D:9      | Found a staircase to the Orcish Mines.
 13865 | D:9      | Found a staircase to the Lair.
 14029 | D:10     | Found a snail-covered altar of Cheibriados.
 14226 | D:10     | Found a sacrificial altar of Ru.
 14243 | D:10     | Reached ***** piety under the Shining One
 14266 | D:10     | Found a stormy altar of Qazlal.
 14268 | D:10     | Found a shimmering altar of Xom.
 14269 | D:10     | Found a sparkling altar of Nemelex Xobeh.
 14541 | D:11     | Noticed a two-headed ogre
 14547 | D:11     | Killed a two-headed ogre
 14827 | D:11     | Killed a centaur warrior
 14930 | D:11     | Killed a six-headed hydra
 15221 | D:11     | Noticed a catoblepas
 15331 | Lair:1   | Entered Level 1 of the Lair of Beasts
 16558 | Lair:1   | Reached XP level 13. HP: 98/98 MP: 18/18
 16794 | Lair:2   | Noticed Maggie
 16806 | Lair:2   | Killed Maggie
 18565 | Lair:3   | Noticed a four-headed hydra
 18590 | Lair:3   | Killed a four-headed hydra
 19241 | Lair:3   | Found a staircase to the Swamp.
 19357 | Lair:3   | Found a shimmering altar of Xom.
 20707 | Lair:4   | Found a staircase to the Snake Pit.
 20785 | Lair:4   | Reached XP level 14. HP: 106/106 MP: 20/20
 21328 | Lair:5   | Reached skill level 15 in Shields
 21643 | Lair:6   | Entered Level 6 of the Lair of Beasts
 21877 | Lair:6   | Reached skill level 10 in Fighting
 22225 | Lair:6   | Identified the +4 tower shield "Hikhiagi" {rElec rPois rF-
                  | Will+++}
 22816 | Lair:6   | Reached skill level 10 in Invocations
 22985 | Lair:6   | Identified the +2 plate armour of Hubris {-Tele rF+ Str+2
                  | Stlth+}
 23231 | Lair:6   | Found a staircase to the Slime Pits.
 24538 | D:11     | Found Ehotinag's Demolitions Depot.
 24658 | D:11     | Reached XP level 15. HP: 97/119 MP: 23/23
 25512 | D:12     | Noticed Snorg
 25519 | D:12     | Killed Snorg
 25619 | D:12     | Identified the +0 robe of the Vaults {-Tele rElec rN+
                  | Int+3}
 25862 | D:12     | Reached skill level 10 in Armour
 26569 | D:13     | Found a gate leading to a gauntlet.
 26587 | Gauntlet | Entered a Gauntlet
 26587 | Gauntlet | Found a transporter.
 26587 | Gauntlet | Found a transporter.
 26587 | Gauntlet | Found a transporter.
 26588 | Gauntlet | Found a transporter.
 26592 | Gauntlet | Found a transporter.
 26594 | Gauntlet | Found a transporter.
 26598 | Gauntlet | Found a transporter.
 26600 | Gauntlet | Found a transporter.
 26601 | Gauntlet | Found a transporter.
 26603 | Gauntlet | Found a transporter.
 26613 | Gauntlet | Found a transporter.
 26617 | Gauntlet | Found a transporter.
 27007 | Gauntlet | Identified the ring "Yvifasch" {rElec rN+}
 27045 | Gauntlet | Identified the +7 scimitar "Niyx" {protect, rCorr Str+6}
 27058 | Gauntlet | Found the +4 Cigotuvi's embrace {rMiasma Drain rN+}
 27460 | D:13     | Noticed Sonja
 27461 | D:13     | Killed Sonja
 27551 | D:13     | Noticed Erolcha
 27573 | D:13     | Killed Erolcha
 28041 | D:13     | Found a runed translucent door.
 28187 | D:13     | Found a runed translucent door.
 28257 | D:13     | Noticed a storm dragon
 28257 | D:13     | a great orb of eyes changed into a storm dragon
 28308 | D:13     | a storm dragon changed into an entropy weaver
 28695 | D:14     | Found a gate to the Vaults.
 29034 | D:15     | Entered Level 15 of the Dungeon
 29240 | D:15     | Reached XP level 16. HP: 91/129 MP: 25/25
 29383 | D:15     | Reached skill level 15 in Polearms
 29431 | D:15     | Reached ****** piety under the Shining One
 29485 | D:15     | Found a staircase to the Depths.
 30329 | Orc:1    | Entered Level 1 of the Orcish Mines
 33229 | Orc:2    | Entered Level 2 of the Orcish Mines
 33311 | Orc:2    | Found a staircase to the Elven Halls.
 33405 | Orc:2    | Reached skill level 1 in Staves
 33424 | Orc:2    | Noticed Maurice
 33594 | Orc:2    | Reached XP level 17. HP: 137/137 MP: 27/27
 33609 | Orc:2    | Killed Maurice
 33689 | Orc:2    | Found Gesk's Antique Armour Shop.
 33706 | Orc:2    | Found Ohagui's Jewellery Boutique.
 33721 | Orc:2    | Found Kazios's Distillery.
 33768 | Orc:2    | Found Canockut's Antique Armour Shop.
 33991 | Orc:2    | Noticed Saint Roka
 34453 | Orc:2    | Killed Saint Roka
 34454 | Orc:2    | Reached skill level 5 in Staves
 34769 | Orc:2    | Bought a transparent crystal plate armour for 2550 gold
                  | pieces
 34769 | Orc:2    | Identified the +6 crystal plate armour "Ompaidda" {*Slow
                  | rC+ rN+ Str+4} (You bought it in a shop on level 2 of the
                  | Orcish Mines)
 35033 | D:2      | Killed Crazy Yiuf
 35866 | D:13     | Acquired 1024 gold pieces
 36402 | Snake:1  | Entered Level 1 of the Snake Pit
 36471 | Snake:1  | Noticed Rupert
 36505 | Snake:1  | Killed Rupert
 37509 | Snake:1  | Found a runed translucent door.
 37509 | Snake:1  | Noticed mhtbhm's ghost (journeyman DrBe)
 37525 | Snake:1  | Killed mhtbhm's ghost
 37834 | Snake:1  | Reached XP level 18. HP: 61/146 MP: 28/28
 38396 | Snake:2  | Found a runed translucent gate.
 38396 | Snake:2  | Found a runed translucent gate.
 39133 | Snake:2  | Found a runed translucent gate.
 39134 | Snake:2  | You are sucked into a shaft and drop 1 floor!
 39406 | Snake:3  | Noticed Roxanne
 39446 | Snake:3  | Killed Roxanne
 39523 | Snake:3  | Found Poamul's General Store.
 39648 | Snake:3  | Reached skill level 15 in Invocations
 40018 | Snake:4  | Entered Level 4 of the Snake Pit
 40896 | Snake:4  | Reached skill level 15 in Fighting
 41632 | Snake:4  | Found a gateway to a bazaar.
 41787 | Bazaar   | Entered a bazaar
 41801 | Bazaar   | Found Gegipn's Magic Scroll Emporium.
 41818 | Bazaar   | Found Buttono's Antique Armour Shoppe.
 41860 | Bazaar   | Found Zehog's Weapon Shoppe.
 43991 | Snake:4  | Reached XP level 19. HP: 156/157 MP: 30/30
 50781 | Snake:4  | Got a serpentine rune of Zot
 51004 | Swamp:1  | Entered Level 1 of the Swamp
 51016 | Swamp:1  | Noticed Frances
 51025 | Swamp:1  | Killed Frances
 51667 | Swamp:2  | Found a frozen archway.
 51687 | IceCv    | Entered an ice cave
 52909 | IceCv    | Noticed an Ice Fiend
 52941 | IceCv    | Killed an Ice Fiend
 53288 | IceCv    | Identified the +7 fustibalus of Integrity {freeze, rPois}
 53292 | IceCv    | Got the Papyrus of Ice
 53439 | IceCv    | Identified the +1 pair of boots "Kagy" {Int+4}
 54592 | IceCv    | Reached XP level 20. HP: 168/168 MP: 32/32
 55606 | Swamp:3  | Reached skill level 15 in Armour
 56608 | Swamp:4  | Entered Level 4 of the Swamp
 56902 | Swamp:4  | Noticed Aizul
 56914 | Swamp:4  | Killed Aizul
 57580 | Swamp:4  | Noticed a tentacled monstrosity
 57589 | Swamp:4  | Killed a tentacled monstrosity
 58374 | Swamp:4  | Got a decaying rune of Zot
 58933 | Vaults:1 | Entered Level 1 of the Vaults
 59083 | Vaults:1 | Reached XP level 21. HP: 134/178 MP: 20/34
 62135 | Vaults:2 | Reached XP level 22. HP: 184/189 MP: 35/35
 62400 | Vaults:2 | Found a portal to a secret trove of treasure.
 62580 | Vaults:3 | Found a crumbling gateway.
 62589 | Desolati | Entered the Desolation of Salt
 62740 | Desolati | Identified the ring of Crawling {Drain rElec rC+ Str+7
                  | Int-4}
 62742 | Desolati | Identified the ring of Vizyleost {rPois rF++ rC- EV+4
                  | Dex+3}
 62746 | Desolati | Identified the amulet of Tomorrow {Faith Str+4}
 62759 | Desolati | Reached skill level 1 in Long Blades
 62759 | Desolati | Reached skill level 1 in Axes
 62759 | Desolati | Reached skill level 1 in Maces & Flails
 62759 | Desolati | Reached skill level 1 in Slings
 62759 | Desolati | Reached skill level 1 in Crossbows
 62759 | Desolati | Reached skill level 1 in Evocations
 62759 | Desolati | Reached XP level 23. HP: 150/196 MP: 36/36
 62781 | Desolati | Reached XP level 24. HP: 165/204 MP: 36/36
 62973 | Desolati | Found the +4 dagger "Morg" {pain, Will+ Int+5}
 63185 | Desolati | Found the necklace of Bloodlust {*Rage +Rage Will++ Int-3
                  | Slay+6}
 63187 | Desolati | Identified the amulet of the Median {rPois Regen+ rCorr
                  | Dex-2}
 63201 | Desolati | Got the Grimoire of Entrancing Venom
 63956 | Desolati | Identified the +6 tower shield "Nuomubby" {rN+ Will+ Str+4
                  | Int+4}
 63971 | Desolati | Identified the amulet "Zekox" {Faith Regen+}
 63984 | Desolati | Identified the +2 rapier "Pes Fut" {venom, rF+}
 64259 | Desolati | Got the Handbook of Enchanting Contamination
 64474 | Vaults:3 | You are sucked into a shaft and drop 1 floor!
 64786 | Vaults:3 | Found the ring of the Octopus King
 64787 | Vaults:3 | Identified a ring of the Octopus King {rF+ AC+1 EV+1 Str+1
                  | Int+1 Dex+1}
 65445 | Vaults:3 | Found a staircase to the Crypt.
 65457 | Vaults:3 | Upgraded the game from 0.27.0-1-g7a089689b8 to 0.27.1
 65502 | Vaults:4 | Upgraded the game from 0.27.1 to 0.27.1-35-g4d5d836560
 65880 | Vaults:4 | Reached XP level 25. HP: 154/214 MP: 37/37
 66042 | Vaults:4 | Found Pyommom's Antique Weapon Shoppe.
 66791 | Vaults:4 | Noticed Bai Suzhen
 66818 | Vaults:4 | Killed Bai Suzhen
 67160 | Vaults:5 | Entered Level 5 of the Vaults
 67664 | Crypt:1  | Entered Level 1 of the Crypt
 68784 | Crypt:2  | Reached XP level 26. HP: 198/227 MP: 33/37
 68798 | Crypt:2  | Noticed Mara
 68839 | Crypt:2  | Killed Mara
 68963 | Crypt:2  | Found a shimmering blue altar of Sif Muna.
 68990 | Crypt:2  | You are sucked into a shaft and drop 1 floor!
 68990 | Crypt:3  | Entered Level 3 of the Crypt
 69693 | Crypt:3  | Found a transporter.
 69707 | Crypt:3  | Noticed Waammiq's ghost (veteran GrEE)
 69967 | Crypt:3  | Noticed Boris
 69977 | Crypt:3  | Killed Boris
 70091 | Crypt:3  | Found a staircase to the Tomb.
 70207 | Crypt:3  | Found a transporter.
 70375 | Crypt:3  | Found the +13 scythe of Curses {drain, Drain}
 70853 | Crypt:3  | Found the +9 sword of Zonguldrok {reap}
 70881 | Crypt:3  | Identified the ring of Sapa {Str+6 Stlth+}
 71183 | Crypt:2  | Identified the +5 mace "Fejoal" {protect, Drain rCorr
                  | Str+3}
 71183 | Crypt:2  | Identified the amulet "Reurufit" {RegenMP Will+ Int+6}
 71192 | Crypt:2  | You are sucked into a shaft and drop 1 floor!
 72311 | Depths:1 | Entered Level 1 of the Depths
 72383 | Depths:1 | Found Piolas Fiuf's Weapon Shop.
 72390 | Depths:1 | Found a one-way gate to the infinite horrors of the Abyss.
 72433 | Depths:1 | Found a one-way gate leading to the halls of Pandemonium.
 72447 | Depths:1 | Found a shadowy altar of Dithmenos.
 72703 | Depths:1 | You are sucked into a shaft and drop 1 floor!
 72716 | Depths:2 | Noticed Louise
 72731 | Depths:2 | Killed Louise
 72809 | Depths:2 | Reached XP level 27. HP: 229/239 MP: 38/38
 72840 | Depths:2 | Noticed a juggernaut
 72848 | Depths:2 | Killed a juggernaut
 73104 | Depths:2 | Noticed a juggernaut
 73126 | Depths:2 | Killed a juggernaut
 73186 | Depths:2 | Identified the ring of Syndicalism {rElec rN+ Str+3 Dex+6}
 73188 | Depths:2 | Identified the +9 falchion "Zoadot" {vorpal, rN+ MP+9}
 73288 | Depths:2 | Found a runed translucent gate.
 73289 | Depths:2 | Found a runed translucent gate.
 73291 | Depths:2 | Found a runed translucent gate.
 73374 | Depths:2 | Found Innurph's Jewellery Emporium.
 73376 | Depths:2 | Found Itaqaite's Book Boutique.
 73377 | Depths:2 | Found Ugiprokle's Jewellery Emporium.
 73418 | Depths:2 | Found a gateway to a ziggurat.
 74196 | Depths:1 | Found a gateway to Hell.
 74723 | Elf:1    | Entered Level 1 of the Elven Halls
 75489 | D:7      | Fell from the grace of the Shining One
 75489 | D:7      | Became a worshipper of Zin the Law-Giver
 75489 | D:7      | Reached * piety under Zin
 75489 | D:7      | Reached ** piety under Zin
 75489 | D:7      | Reached *** piety under Zin
 75489 | D:7      | Reached **** piety under Zin
 75489 | D:7      | Reached ***** piety under Zin
 76057 | Elf:2    | Found Nauptodgh's Jewellery Shoppe.
 76274 | Elf:2    | Found a runed translucent gate.
 76274 | Elf:2    | Found a runed translucent gate.
 76274 | Elf:2    | Found a runed translucent gate.
 76399 | Elf:2    | Found a runed translucent gate.
 76400 | Elf:2    | Found a runed translucent gate.
 76401 | Elf:2    | Found a runed translucent gate.
 76402 | Elf:2    | Noticed SlowGraham's ghost (veteran FoEE)
 76495 | Elf:2    | Noticed Jorgrun
 76501 | Elf:2    | Killed Jorgrun
 76692 | Elf:2    | You are sucked into a shaft and drop 1 floor!
 76692 | Elf:3    | Entered Level 3 of the Elven Halls
 76692 | Elf:3    | Found Hehiepp's Jewellery Shop.
 78041 | Elf:3    | Reached ****** piety under Zin
 78043 | Elf:3    | Acquired 677 gold pieces
 78847 | Elf:3    | Identified the +8 short sword of Virchiyj {flame, +Blink
                  | rCorr}
 78888 | Elf:3    | Identified the +8 great sword of Unreason {protect, rElec
                  | rPois rF++ Dex-3}
 79662 | Elf:3    | Identified the +6 great mace of Ysidghay {vorpal, Str+3}
 80166 | Elf:3    | Got the Handbook of Excruciating Creation
 80269 | Elf:2    | Killed SlowGraham's ghost
 80417 | Elf:2    | Gained mutation: Your spells are a little easier to cast,
                  | but a little less powerful. [mutagenic glow]
 80446 | Elf:2    | Gained mutation: Your spells are easier to cast, but less
                  | powerful. [mutagenic glow]
 80454 | Elf:2    | Gained mutation: You sometimes lose the ability to read
                  | scrolls when taking damage. [mutagenic glow]
 80517 | Elf:2    | Lost mutation: You are dopey. (Int -2) [potion of mutation]
 80517 | Elf:2    | Lost mutation: You sometimes lose the ability to read
                  | scrolls when taking damage. [potion of mutation]
 80542 | Elf:2    | Identified the +2 pair of gloves of Blue Skies {rF+ Regen+
                  | rCorr Str-5}
 80601 | Elf:2    | Noticed Azrael
 80609 | Elf:2    | Killed Azrael
 81350 | Depths:1 | Voluntarily entered the Abyss.
 81903 | Abyss:1  | Noticed an ancient lich
 81917 | Abyss:1  | Killed an ancient lich
 81918 | Abyss:1  | Reached skill level 27 in Fighting
 83500 | Depths:1 | Escaped the Abyss
 84348 | Depths:2 | Found a runed translucent gate.
 84348 | Depths:2 | Found a runed translucent gate.
 84351 | Depths:2 | Found a runed translucent gate.
 84354 | Depths:2 | Noticed Aclocv Kojo's ghost (veteran BaIE)
 84566 | Depths:3 | Identified the ring of Dogma {+Blink rElec rF- rC+ Will+}
 84862 | D:4      | Bought the ring "Fulour" {rPois rF+ Will+ Dex+4 Stlth+} for
                  | 5300 gold pieces
 85206 | Depths:3 | Got the Incunabulum of Quantum Changing
 85230 | Depths:3 | Identified the +7 battleaxe "Orb Guardian's Foe" {vamp,
                  | *Slow Fragile rPois Will+++}
 85230 | Depths:3 | Identified the amulet "Kimy" {Reflect rN+ SH+5 SInv}
 85234 | Depths:3 | Found a glowing silver altar of Zin.
 85294 | Depths:3 | You are sucked into a shaft and drop 2 floors!
 85294 | Depths:5 | Entered Level 5 of the Depths
 85376 | Depths:5 | Found a radiant altar of Vehumet.
 86504 | Depths:4 | You are sucked into a shaft and drop 1 floor!
 86882 | Depths:5 | Found Fydaello's Assorted Antiques.
 87084 | Depths:5 | Found a gate to the Realm of Zot.
 88235 | Depths:5 | Found a basalt altar of Yredelemnul.
 89602 | Vaults:4 | Reached skill level 27 in Invocations
 91581 | Vaults:5 | Identified the +0 morningstar of Kacwuu {vorpal, Drain
                  | +Blink Will+++ Dex-5}
 91743 | Vaults:5 | Identified the +1 plate armour of Wariness {rC+ Will-
                  | Int+8}
 91876 | Vaults:5 | Found the +9 heavy crossbow "Sniper" {vorpal, Acc+∞ SInv}
 92281 | Vaults:5 | Got a silver rune of Zot
 92565 | Vaults:5 | Identified the +4 leather armour of the Mackerel {MP-9
                  | Str+2 Int+4}
 93494 | Zot:1    | Entered Level 1 of the Realm of Zot
 93735 | Zot:1    | Reached skill level 27 in Armour
 93915 | Zot:1    | Reached skill level 1 in Short Blades
 94076 | Zot:1    | Reached skill level 1 in Bows
 94076 | Zot:1    | Reached skill level 1 in Summonings
 94157 | Zot:1    | Reached skill level 1 in Hexes
 94157 | Zot:1    | Reached skill level 1 in Poison Magic
 94390 | Zot:1    | Reached skill level 1 in Fire Magic
 94390 | Zot:1    | Reached skill level 1 in Earth Magic
 94406 | Zot:1    | Reached skill level 5 in Dodging
 94419 | Zot:1    | Reached skill level 1 in Transmutations
 94426 | Zot:1    | Reached skill level 1 in Translocations
 94676 | Zot:1    | Reached skill level 1 in Necromancy
 94676 | Zot:1    | Reached skill level 1 in Ice Magic
 94736 | Zot:1    | Reached skill level 1 in Conjurations
 95338 | Zot:1    | Reached skill level 1 in Air Magic
 96226 | Zot:1    | Reached skill level 5 in Evocations
 99207 | Zot:2    | Acquired the +13 crystal plate armour "Earthly Heaven"
                  | {rC+}
 99255 | Zot:2    | Noticed an orb of fire
 99267 | Zot:2    | Killed an orb of fire
 99409 | Zot:2    | Noticed an orb of fire
 99426 | Zot:2    | Killed an orb of fire
 99427 | Zot:2    | Reached skill level 10 in Evocations
 99927 | Zot:3    | Reached skill level 10 in Dodging
101394 | Zot:3    | Noticed a Killer Klown
101409 | Zot:3    | Killed a Killer Klown
101545 | Zot:3    | Reached skill level 5 in Summonings
101775 | Zot:3    | Identified the amulet "Pisheeh" {Reflect *Slow rF+ Str+4
                  | SH+5}
102667 | Zot:4    | Reached skill level 5 in Spellcasting
102711 | Zot:4    | Noticed a Killer Klown
102991 | Depths:5 | Voluntarily entered the Abyss.
103170 | Depths:5 | Escaped the Abyss
103451 | Depths:5 | Voluntarily entered the Abyss.
104429 | Abyss:3  | Reached skill level 5 in Maces & Flails
104703 | Abyss:3  | Reached skill level 10 in Summonings
104722 | Abyss:3  | Got an abyssal rune of Zot
104762 | Depths:5 | Escaped the Abyss
105131 | Vaults:2 | You showed the abyssal rune of Zot to enter a treasure
                  | trove
105132 | Trove    | Entered a treasure trove
105132 | Trove    | Found the amulet of Vitality {Regen+ HP+15}
105135 | Trove    | Identified the ring "Yphioj" {*Corrode rPois MP+9 Slay+3}
105137 | Trove    | Identified the ring of Lehey {rN+ Str+2}
105142 | Trove    | Identified the ring "Tuhenlodd" {rPois rF++ Str+2 Dex-3}
105169 | Trove    | Identified the amulet of Fitao {Reflect Drain rCorr Int+9
                  | Dex+4 SH+5}
105630 | Slime:1  | Entered Level 1 of the Pits of Slime
105783 | Slime:3  | Noticed Dissolution
105792 | Slime:3  | Killed Dissolution
106580 | Slime:5  | Entered Level 5 of the Pits of Slime
107462 | Slime:5  | Noticed the Royal Jelly
107472 | Slime:5  | Killed the Royal Jelly
107473 | Slime:5  | Reached skill level 10 in Maces & Flails
108382 | Slime:5  | Found the +0 mask of the Dragon {Will+ Slay+3 SInv}
108387 | Slime:5  | Got a slimy rune of Zot
108531 | Slime:5  | Got the Reference Book on Displacement and Cold
109177 | Hell     | Entered the Vestibule of Hell
109177 | Hell     | Noticed Geryon
109278 | Hell     | Killed Geryon
109517 | Hell     | Found a gateway to the freezing wastes of Cocytus.
109658 | Hell     | Found a gateway to the Iron City of Dis.
109789 | Hell     | Found a gateway to the ashen valley of Gehenna.
109883 | Hell     | Reached skill level 15 in Evocations
109888 | Hell     | Found a gateway to the decaying netherworld of Tartarus.
110070 | Geh:1    | Entered Level 1 of Gehenna
110078 | Geh:1    | Reached skill level 10 in Spellcasting
113416 | Geh:2    | Reached skill level 15 in Dodging
120483 | Geh:7    | Entered Level 7 of Gehenna
123839 | Geh:7    | Found the +7 sceptre of Asmodeus
123839 | Geh:7    | Noticed Asmodeus
123899 | Geh:7    | Killed Asmodeus
123946 | Geh:7    | Identified the ring of Stoicism {Contam rCorr Dex+9 Stlth+}
123964 | Geh:7    | Found the +8 arc blade {discharge, rElec}
123970 | Geh:7    | Identified the amulet "Luetuixt" {Acrobat rN++}
123987 | Geh:7    | Got the Collected Works on the Poisonous Frostbite
123999 | Geh:7    | Got an obsidian rune of Zot
124210 | Geh:7    | Identified the +1 swamp dragon scales of the Shoals {rPois
                  | rN+}
124970 | Coc:1    | Entered Level 1 of Cocytus
125834 | Coc:1    | Noticed a shard shrike
125846 | Coc:1    | Killed a shard shrike
126475 | Coc:1    | Reached skill level 5 in Stealth
126949 | Coc:2    | Noticed a shard shrike
127590 | Coc:2    | Killed a shard shrike
128159 | Coc:3    | Noticed a shard shrike
128173 | Coc:3    | Noticed a shard shrike
128177 | Coc:3    | Killed a shard shrike
128182 | Coc:3    | Killed a shard shrike
128792 | Coc:3    | Noticed a shard shrike
128802 | Coc:3    | Killed a shard shrike
129388 | Coc:4    | Noticed a shard shrike
129402 | Coc:4    | Killed a shard shrike
130320 | Coc:4    | Noticed a shard shrike
130332 | Coc:4    | Killed a shard shrike
130451 | Coc:4    | Reached skill level 10 in Stealth
130474 | Coc:4    | Noticed a shard shrike
130481 | Coc:4    | Killed a shard shrike
130699 | Coc:4    | Noticed a shard shrike
130711 | Coc:4    | Killed a shard shrike
131136 | Coc:5    | Noticed a shard shrike
131136 | Coc:5    | Noticed a shard shrike
131153 | Coc:5    | Killed a shard shrike
131167 | Coc:5    | Killed a shard shrike
133037 | Coc:7    | Entered Level 7 of Cocytus
133037 | Coc:7    | Noticed a shard shrike
133037 | Coc:7    | Noticed a shard shrike
133037 | Coc:7    | Noticed a shard shrike
133044 | Coc:7    | Killed a shard shrike
133048 | Coc:7    | Killed a shard shrike
133050 | Coc:7    | Killed a shard shrike
133220 | Coc:7    | Noticed a shard shrike
133220 | Coc:7    | Noticed a shard shrike
133227 | Coc:7    | Killed a shard shrike
133238 | Coc:7    | Killed a shard shrike
133337 | Coc:7    | Noticed a shard shrike
133353 | Coc:7    | Killed a shard shrike
133549 | Coc:7    | Noticed a shard shrike
133556 | Coc:7    | Killed a shard shrike
133906 | Coc:7    | Noticed a shard shrike
133917 | Coc:7    | Killed a shard shrike
134345 | Coc:7    | Noticed a shard shrike
134364 | Coc:7    | Killed a shard shrike
134628 | Coc:7    | Noticed a shard shrike
134633 | Coc:7    | Killed a shard shrike
134643 | Coc:7    | Identified the ring of the Quahog {rPois rF+ Str+2 Int+6
                  | SInv}
134815 | Coc:7    | Noticed a shard shrike
134848 | Coc:7    | Killed a shard shrike
134849 | Coc:7    | Reached skill level 15 in Stealth
134859 | Coc:7    | Noticed a shard shrike
134877 | Coc:7    | Killed a shard shrike
135451 | Coc:7    | Identified the ring "Etimits" {EV+4 Int+9 Dex+2 Stlth-}
135687 | Coc:7    | Noticed Antaeus
135820 | Coc:7    | Killed Antaeus
136463 | Coc:7    | Got an icy rune of Zot
136703 | Tar:1    | Entered Level 1 of Tartarus
144175 | Tar:4    | Found a huge runed gate.
144175 | Tar:4    | Found a huge runed gate.
144175 | Tar:4    | Found a huge runed gate.
144175 | Tar:4    | Found a huge runed gate.
144193 | Tar:4    | Found a huge runed gate.
144194 | Tar:4    | Found a huge runed gate.
144196 | Tar:4    | Found a huge runed gate.
144621 | Tar:4    | Found a huge runed gate.
144622 | Tar:4    | Found a huge runed gate.
144622 | Tar:4    | Found a huge runed gate.
144636 | Tar:4    | Found a huge runed gate.
144636 | Tar:4    | Found a huge runed gate.
144636 | Tar:4    | Found a huge runed gate.
144636 | Tar:4    | Found a huge runed gate.
144703 | Tar:4    | Found a huge runed gate.
144703 | Tar:4    | Found a huge runed gate.
144703 | Tar:4    | Found a huge runed gate.
144704 | Tar:4    | Found a huge runed gate.
144704 | Tar:4    | Found a huge runed gate.
144704 | Tar:4    | Found a huge runed gate.
144705 | Tar:4    | Found a huge runed gate.
144706 | Tar:4    | Found a huge runed gate.
144706 | Tar:4    | Found a huge runed gate.
144707 | Tar:4    | Found a huge runed gate.
144716 | Tar:4    | Found a huge runed gate.
144716 | Tar:4    | Found a huge runed gate.
144716 | Tar:4    | Found a huge runed gate.
144716 | Tar:4    | Found a huge runed gate.
144834 | Tar:4    | Found a huge runed gate.
144835 | Tar:4    | Found a huge runed gate.
144835 | Tar:4    | Found a huge runed gate.
144836 | Tar:4    | Found a huge runed gate.
145614 | Tar:4    | Found a huge runed gate.
150210 | Tar:7    | Entered Level 7 of Tartarus
150444 | Tar:7    | Reached skill level 27 in Stealth
152347 | Tar:7    | Identified the +4 ring mail "Xuosa" {MP+9 Int+3 Dex+4}
152767 | Tar:7    | Identified the ring "Ipask" {rC+ Will++ Int+4}
153370 | Tar:7    | Identified the +0 ring mail of the Old World {rElec Int+4}
153416 | Tar:7    | Identified the ring of Jealousy {rPois rC+ Will- AC+4
                  | Int+9}
153432 | Tar:7    | Found the +9 scales of the Dragon King {rPois rF+ rC+
                  | Will+}
153804 | Tar:7    | Identified the +7 lajatang of the Crawling Thing {freeze,
                  | rPois Will- Int+10}
153826 | Tar:7    | Identified the +1 ring mail of Empo {rPois Str-4 Dex+7}
155754 | Tar:7    | Identified the +2 hunting sling of Oraamu {freeze, Int+3}
157727 | Tar:7    | Noticed Ereshkigal
158340 | Tar:7    | HP: 11/249 [???[Ereshkigal] (3)]
158341 | Tar:7    | Slain by a Tzitzimitl

Illustrated notes

Levels and vault maps discovered:
D:1:      dpeg_arrival_shrine, layout_loops_corners, basic_ecumenical_altar
D:2:      layout_basic, corexii_shack, amcnicky_mini_corridor_feature,
          uniq_crazy_yiuf_cottage, uniq_natasha
D:3:      layout_loops_cross, mainiacjoe_overflow_tiny_flanked,
          mainiacjoe_overflow_boulevard
D:4:      layout_loops_cross, nicolae_gozag_zags_fifth_avenue,
          mainiacjoe_overflow_six_doors_small,
          minmay_temple_entry_statues_fountains, serial_shops, shop,
          kennysheep_decorative_pillar
D:5:      gammafunk_wand_slinger, layout_layer_cave,
          nicolae_hepliaklqana_monster_ancestors, hangedman_decor_riveting
D:6:      layout_loops_ring, nicolae_overflow_hidden_temple, serial_glass,
          glass_columns_c, glass_columns_b, uniq_grinder
D:7:      cheibrodos_quashed, layout_basic, lemuel_doored_altar,
          marbit_many_paths, serial_shops, nicolae_stop_n_shop_1,
          minmay_ruined_shrine
D:8:      lemuel_bear_cage, layout_gridville, nicolae_elyvilon_peaceful_grove,
          serial_shops, nicolae_square_shop, uniq_gastronok
D:9:      layout_loops_ring, old_standard_altar, erik_lair_dragon, david_orc_4,
          serial_bayou_pond_c, wad_rectangle_vault
D:10:     layout_cave_pools, chequers_temple_overflow_statue_of_worship,
          yredelemnul_altar_generic, mainiacjoe_overflow_small_starburst,
          mainiacjoe_overflow_alcove_4
D:11:     layout_rooms, nicolae_blasting_shop, uniq_josephine
D:12:     layout_small_grid, chequers_arboretum, uniq_snorg
D:13:     cheibrodos_histonic, layout_cave_pools, gauntlet_entry_generic,
          minivault_20, nzn_life_drinkers, uniq_erolcha, uniq_sonja
D:14:     layout_basic, david_vaults_2, corexii_hall_statues_x
D:15:     hangedman_depths_entry_civil_slaughter, layout_basic,
          minmay_misc_feat_hallway
Lair:1:   layout_concentric_octagons, serial_bayou_shore_a
Lair:2:   layout_cave_pods, beast_lair_carwin_5, infiniplex_staircase_pool_2,
          uniq_maggie
Lair:3:   layout_small_grid, swamp_mist_pool, basic_altar, grunt_megastairs_3,
          infiniplex_staircase_pool
Lair:4:   layout_roguey, minmay_snake_entry_guardpost_medium
Lair:5:   layout_loops_ring
Lair:6:   evilmike_catoblepas_cave, layout_layer_cave,
          nicolae_slime_entry_slimehenge, lemuel_fruit_fields
Swamp:1:  layout_falls_marsh, serial_swamp_ruin, hangedman_swamp_ruin_hall,
          evilmike_swamp_ruin_house_5, swamp_pool3, uniq_frances
Swamp:2:  layout_basic_swamp, portal_ice_cave_entry_ugly_swarm,
          hangedman_swamp_ruin_wall, swamp_pool5,
          nicolae_swamp_oklob_treasure_island
Swamp:3:  layout_basic_swamp, evilmike_swamp_ruin_rubble_1
Swamp:4:  nzn_swamp_witches_coven, layout_basic_swamp, uniq_aizul
Snake:1:  layout_concentric_octagons, gammafunk_ghost_grave, uniq_rupert
Snake:2:  layout_rooms, ebering_ghost_rock_garden, grunt_megastairs_2
Snake:3:  layout_cave_town, serial_shops, nicolae_shop_behind_doors,
          grunt_ministairs_4, uniq_roxanne
Snake:4:  grunt_snake_rune_spirals, layout_onion_interference, serial_shops,
          bzr_entry_safe
Slime:1:  layout_caves
Slime:2:  layout_caves
Slime:3:  layout_caves, dissolution_awaits
Slime:4:  layout_caves
Slime:5
Orc:1:    layout_caves, serial_shops, minmay_orc_treasury
Orc:2:    st_orc_open, layout_diamond_mine, basic_altar, uniq_maurice,
          uniq_saint_roka
Elf:1:    layout_gridlike, hangedman_corner_corridor
Elf:2:    elven_hall_of_blades_hangedman_original
          [nicolae_blade_entry_hurt_lockers], layout_loops_corners,
          gammafunk_ghost_tricky_traps, serial_shops, shop, uniq_jorgrun,
          uniq_azrael
Elf:3:    minmay_elf_hall_x, layout_geoelf_octagon, serial_shops,
          nicolae_square_shop
Vaults:1: serial_ice_m, nicolae_vaults_shelves_hall, v_misc_2, v_misc_26,
          nicolae_vaults_stairing_the_circle, v_alt_pattern_5, serial_ice_b,
          v_alt_pattern_1, vaults_mumra_lcd, hangedman_vaults_capsules,
          layout_vaults_big_cross
Vaults:2: nicolae_vaults_little_squares_4, ontoclasm_vaults_pinch,
          hangedman_vaults_stitches, ontoclasm_vaults_shuriken,
          nicolae_vaults_rhombus_5, ontoclasm_vaults_loading_screen,
          nicolae_vaults_arrows, ontoclasm_vaults_loading_screen,
          layout_vaults_omnibox, serial_glass, nicolae_trove_entry_isolated
Vaults:3: v_misc_31, ontoclasm_vaults_gateway, ontoclasm_vaults_bender,
          nicolae_vaults_little_squares_1, st_more_cells, v_misc_2,
          vaults_standard_mumra_x, minmay_crypt_entry_simple_walls,
          nicolae_vaults_shelves_hall, vaults_dpeg_hooks,
          layout_vaults_big_room, portal_desolation_entry_nicolae_slug
Vaults:4: vaults_standard_mumra_lines, v_misc_10,
          ontoclasm_vaults_claustrophobia, ontoclasm_vaults_tryst,
          vaults_room_boxed, nicolae_vaults_hallways_thing,
          nicolae_vaults_circle_grid_b, vaults_standard_mumra_enter_the_diamond,
          grunt_vaults_focal, ontoclasm_vaults_chip, vaults_room_stairs_pillars,
          ontoclasm_vaults_misaligned, v_misc_13, vaults_mumra_minichess,
          vaults_room_pool, layout_vaults_maze_bifur, serial_shops,
          nicolae_lakefront_shop, uniq_bai_suzhen
Vaults:5: serial_shops
Crypt:1:  layout_basic, grunt_crypt_arrival_webbed
Crypt:2:  layout_misc_corridors, serial_sigils_hangedman_scratch,
          hangedman_summoners_spam, grunt_megastairs_4, uniq_mara
Crypt:3:  due_elkab, layout_chaotic_city, tomb_entry_simple_bobbens,
          gammafunk_ghost_abyssal_escape, minmay_misc_feat_alley,
          library_closet, uniq_boris
Depths:1: layout_cave_shapes, hellmouth_2, abyss_entry, chequers_big_river,
          rand_demon_pan_entry_5, serial_shops, shop_fountains,
          grunt_dithmenos_smoke
Depths:2: evilmike_pillar_path, layout_honeycomb, enter_ziggurat_d,
          pf_coc_iceberg, nicolae_abyss_entry_one_way_or_another,
          ploomutoo_gammafunk_ghost_potion_laboratory, serial_bayou_shore_b,
          infiniplex_staircase_pillars_2, minmay_shop_grove
Depths:3: minmay_the_grid_octo_tiled_squarecenter_mashed
          [minmay_the_grid_octo_toaster, minmay_the_grid_octo_thin_diamonds,
          minmay_the_grid_octo_concentric, minmay_the_grid_octo_checkerflower,
          minmay_the_grid_square_5x5_megaprize_crossed,
          minmay_the_grid_square_5x5_three_walls,
          minmay_the_grid_square_5x5_checkered,
          minmay_the_grid_square_5x5_corner,
          minmay_the_grid_square_5x5_percent], layout_cave_shapes,
          grunt_pan_entry_zigzag, hangedman_tar_grid_catacomb,
          abyss_entry_crystal, minmay_door_square, zin_statuary,
          serial_bayou_shore_b
Depths:4: minmay_guarded_unrand_majin_bo, layout_cave_shapes, hell_entry,
          abyss_entry_glasseish, cheibrodos_ashenzari_chains
Depths:5: grunt_crosshair, layout_gridlike, hell_entry, abyss_entry,
          serial_shops, nicolae_inconvenience_store,
          nicolae_vehumet_altar_sigil, hangedman_blasphemy
Hell
Geh:1:    layout_gehenna_lava_caves
Geh:2:    layout_gehenna_pools_basic, lemuel_old_faithful
Geh:3:    layout_gehenna_pools_basic, hangedman_elemental_grid_stream
Geh:4:    layout_gehenna_pools_box
Geh:5:    layout_gehenna_lava_caves
Geh:6:    layout_gehenna_pools_triple, lemuel_hellion_isle
Geh:7:    geh_mu
Coc:1:    layout_ice_bergs
Coc:2:    layout_ice_bergs
Coc:3:    layout_cocytus_water_paths
Coc:4:    layout_ice_bergs
Coc:5:    layout_ice_bergs
Coc:6:    layout_cocytus_water_paths
Coc:7:    coc_grunt
Tar:1:    layout_catacombs
Tar:2:    grunt_deathspiral_small, layout_cathedral_of_symmetry
Tar:3:    layout_catacombs, hangedman_snap_crack_crunch
Tar:4:    layout_grid_maze, nicolae_tar_cuneiform_not, door_vault,
          grunt_megastairs_5
Tar:5:    layout_grid_maze
Tar:6:    layout_honeycomb, nicolae_tar_cuneiform_sun
Tar:7:    tar_mu [tar_mu_maze]
Zot:1:    minmay_elemental_castle, layout_basic
Zot:2:    layout_concentric_octagons, nzn_random_ring
Zot:3:    cheibrodos_zot_enchanting_chambers, layout_gridville
Zot:4:    layout_misc_corridors, lemuel_lich_library

Skill      XL: |  1  2  3  4  5  6  7  8  9 10 11 12 13 14 15 16 17 18 19 20 21 22 23 24 25 26 27 |
---------------+----------------------------------------------------------------------------------+-----
Shields        | 4 5 6 7 9 11 13 14 15 | 15.0
Polearms       | 3 4 5 7 8 10 11 13 14 15 | 15.9
Armour         | 4 5 6 7 8 9 10 11 13 14 15 16 17 18 27 | 27.0
Dodging        | 1 2 3 4 26 | 26.0
Fighting       | 4 5 6 7 8 11 12 13 14 15 17 18 19 20 21 22 24 27 | 27.0
Stealth        | 1 2 3 27 | 27.0
Invocations    | 1 3 5 6 8 11 12 13 14 15 16 18 19 20 21 22 27 | 27.0
Staves         | 3 9 |  9.8
Long Blades    | 1 |  1.5
Axes           | 1 |  1.6
Maces & Flails | 1 11 | 11.7
Slings         | 1 |  1.6
Crossbows      | 1 |  1.6
Evocations     | 1 2 26 | 26.0
Spellcasting   | 2 10 | 10.2
Short Blades   | 1 |  1.6
Bows           | 1 |  1.2
Summonings     | 13 | 13.5
Hexes          | 1 |  1.4
Poison Magic   | 1 |  1.5
Fire Magic     | 1 |  1.2
Earth Magic    | 1 |  1.3
Transmutations | 1 |  1.3
Translocations | 1 |  1.1
Necromancy     | 1 |  1.2
Ice Magic      | 1 |  1.1
Conjurations   | 1 |  1.0
Air Magic      | 1 |  1.0
Throwing       | |  0.8

Action                   |  1- 3 |  4- 6 |  7- 9 | 10-12 | 13-15 | 16-18 | 19-21 | 22-24 | 25-27 || total
-------------------------+-------+-------+-------+-------+-------+-------+-------+-------+-------++-------
Melee: Trident           |   138 |   216 |   313 |   590 |  1061 |       |       |       |       ||  2318
       Halberd           |       |       |       |       |   288 |   447 |       |       |       ||   735
       Lajatang          |       |       |       |       |       |   778 |  1111 |   439 | 13592 || 15920
Invok: Divine Shield     |       |       |       |     5 |     3 |     3 |     6 |     2 |     4 ||    23
       Summon Divine War |       |       |       |       |     9 |       |     7 |     5 |       ||    21
       Cleansing Flame   |       |       |       |       |     3 |     1 |     9 |       |     8 ||    21
       Recite            |       |       |       |       |       |       |       |       |   123 ||   123
       Vitalisation      |       |       |       |       |       |       |       |       |    52 ||    52
       Sanctuary         |       |       |       |       |       |       |       |       |     7 ||     7
       Imprison          |       |       |       |       |       |       |       |       |     6 ||     6
 Abil: Dig               |     4 |     3 |     8 |    19 |    22 |    15 |     2 |     1 |   121 ||   195
       Shaft Self        |       |       |       |       |       |       |       |       |     3 ||     3
Evoke: Wand              |       |       |       |     3 |       |       |       |       |     3 ||     6
  Use: Scroll            |     5 |     4 |     8 |     5 |    10 |     4 |     1 |     2 |    10 ||    49
       Potion            |     1 |     2 |     2 |     7 |     1 |     7 |     5 |     2 |    16 ||    43
 Stab: Distracted        |       |     1 |       |       |       |       |       |       |     8 ||     9
       Confused          |       |       |       |       |       |       |       |       |    62 ||    62
       Paralysed         |       |       |       |       |       |       |       |       |    10 ||    10
       Sleeping          |       |       |       |       |       |       |       |       |    10 ||    10
       Invisible         |       |       |       |       |       |       |       |       |     3 ||     3
Armor: Scale mail        |    49 |    49 |    55 |    52 |     3 |       |       |       |       ||   208
       Plate armour      |       |       |       |       |   138 |    68 |       |       |       ||   206
       Crystal plate arm |       |       |       |       |       |   150 |   471 |   132 |  3155 ||  3908
       Gold dragon scale |       |       |       |       |       |       |       |       |    39 ||    39
Dodge: Dodged            |    34 |    52 |    52 |    54 |    83 |   131 |   180 |    66 |  3058 ||  3710
Block: Kite shield       |    75 |    83 |    86 |       |       |   322 |   771 |   218 |       ||  1555
       Tower shield      |       |       |    55 |   523 |   973 |   928 |   266 |   220 | 15107 || 18072
       Reflection        |       |       |       |    28 |     9 |   101 |   112 |    15 |   218 ||   483
